 Dungeon Crawl Stone Soup version 0.28.0-45-g0d030f2227 (webtiles) character file.

Game seed: 15810954379241550819

21 Arpeggio the Ruffian (level 2, 0/28 HPs)
             Began as a Troll Gladiator on Apr 4, 2022.
             Succumbed to an adder's poison
             ... on level 3 of the Dungeon on Apr 5, 2022.
             The game lasted 00:07:04 (281 turns).

Arpeggio the Ruffian (Troll Gladiator)               Turns: 281, Time: 00:07:05

Health: 0/28       AC:  4    Str: 21    XL:     2   Next: 62%
Magic:  1/1        EV: 10    Int:  4    God:
Gold:   14         SH:  0    Dex: 11    Spells: 1/1 levels left

rFire   . . .      SeeInvis .   f - +0 halberd
rCold   . . .      Faith    .   (shield currently unavailable)
rNeg    . . .      Spirit   .   a - +0 robe
rPois   .          Reflect  .   b - +0 hat
rElec   .          Harm     .   (no cloak)
rCorr   .          Rampage  .   (gloves unavailable)
Will    .....                   (boots unavailable)
Stlth   +.........              (no amulet)
HPRegen 0.89/turn               (no ring)
MPRegen 0.07/turn               (no ring)

@: lethally poisoned (0 -> 0)
A: large, unfitting armour, claws 3, regeneration 1, shaggy fur 1, tough skin 1
a: no special abilities


You were on level 3 of the Dungeon.
You visited 1 branch of the dungeon, and saw 3 of its levels.

You collected 14 gold pieces.

Inventory:

Hand Weapons
 e - a +0 short sword
 f - a +0 halberd (weapon)
Missiles
 c - 3 throwing nets (quivered)
Armour
 a - a +0 robe (worn)
 b - a +0 hat (worn)
Potions
 d - a potion of degeneration {unknown}


   Skills:
 + Level 1.6 Fighting
 + Level 1.9 Throwing
 + Level 2.7 Dodging
 + Level 3.4 Unarmed Combat


You had one spell level left.
You didn't know any spells.
Your spell library was empty.

Dungeon Overview and Level Annotations

Branches:
Dungeon (3/15)

Altars:


Innate Abilities, Weirdness & Mutations

You are too large for most types of armour.
You have claws for hands.
Your natural rate of healing is unusually fast.
You are covered in fur. (AC +1)
You have tough skin. (AC +1)


Message History

You closely miss the adder.
You feel sick. The adder closely misses you. x2
You miss the adder.
You feel sick.
You are no longer poisoned.
The adder bites you.
You barely miss the adder. The adder bites you. x2
You are poisoned.
The adder poisons you!
You barely miss the adder.
You feel sick. The adder bites you.
You are more poisoned.
The adder poisons you! The adder barely misses you.
You barely miss the adder.
You feel very sick. The adder bites you but does no damage.
The adder closely misses you.
You miss the adder.
You feel sick. The adder bites you but does no damage.
The adder closely misses you.
You closely miss the adder.
You feel sick. The adder bites you.
You are more poisoned.
The adder poisons you! The adder bites you but does no damage.
You barely miss the adder.
You feel very sick.
The adder bites you but does no damage. x2
You closely miss the adder.
You feel very sick. The adder closely misses you.
The adder bites you but does no damage.
You miss the adder.
You feel sick. The adder bites you but does no damage.
The adder closely misses you.
You closely miss the adder.
You feel sick. The adder bites you.
* * * LOW HITPOINT WARNING * * *
You are more poisoned.
The adder poisons you! The adder bites you but does no damage.
You miss the adder.
You feel sick. The adder closely misses you. The adder bites you.
* * * LOW HITPOINT WARNING * * *
You puncture the adder!
You kill the adder!
* * * LOW HITPOINT WARNING * * *
You feel sick.
* * * LOW HITPOINT WARNING * * *
You feel sick.
You die...

.. ..
###########
..
#.........#
..
#.#######.#
.. #@# #.#
.# #.#
#.######.#
#.#
#.........
#.#
#######<##
..# #...
### ####


There were no monsters in sight!

Vanquished Creatures
  An adder (D:3)
  A dart slug (D:1)
  An endoplasm (D:1)
  2 hobgoblins (D:1)
  3 kobolds (D:1)
  A bat (D:1)
  A frilled lizard (D:3)
10 creatures vanquished.

Notes
Turn   | Place    | Note
-------+----------+-------------------------------------------
     0 | D:1      | Arpeggio the Troll Gladiator began the quest for the Orb.
     0 | D:1      | Reached XP level 1. HP: 19/19 MP: 0/0
   188 | D:1      | Reached XP level 2. HP: 27/27 MP: 1/1
   278 | D:3      | HP: 1/27 [adder (2)]
   281 | D:3      | Succumbed to an adder's poison

Illustrated notes

Levels and vault maps discovered:
D:1:      dpeg_arrival_ternary, layout_loops_ring,
          ebering_ecumenical_altar_abandoned, minmay_bisected
D:2:      layout_basic, uniq_jessica
D:3:      layout_basic, serial_shops, nicolae_diamond_shop

Action                   || total
-------------------------++-------
Melee: Unarmed           ||    19
       Halberd           ||    21
Throw: Throwing net      ||     1
 Stab: Sleeping          ||     1
Armor: Robe              ||    19
Dodge: Dodged            ||    20
